 Dungeon Crawl Stone Soup version 0.23-a0-241-g3b46b07 (webtiles) character file.

1794 grindst0ne the Covert (level 9, -1/54 HPs)
             Began as an Octopode Assassin on Sept 26, 2018.
             Was an Elder of Cheibriados.
             Slain by a sky beast (5 damage)
             ... on level 6 of the Dungeon.
             The game lasted 00:18:58 (7879 turns).

grindst0ne the Covert (Octopode Assassin)           Turns: 7879, Time: 00:18:59

Health: -1/54      AC:  1    Str: 17 (19) XL:     9   Next: 9%
Magic:  12/12      EV: 13    Int: 21 (22) God:    Cheibriados [****..]
Gold:   206        SH:  6    Dex: 23 (26) Spells: 8/8 levels left

rFire    . . .     SeeInvis .   b - +2 dagger
rCold    + . .     Gourm    .   (no shield)
rNeg     . . .     Faith    .   (helmet restricted)
rPois    .         Spirit   .   v - +6 amulet of reflection
rElec    .         Reflect  +   g - ring of flight
rCorr    .         Harm     .   s - ring of protection from cold
MR       .....                  (no ring)
Stlth    +++++++...             (no ring)
HPRegen  0.18/turn              (no ring)
MPRegen  0.13/turn              (no ring)
                                (no ring)
                                (no ring)

@: very slow
A: almost no armour, stealthy swim, amphibious, 8 rings, constrict 8, camouflage
1, gelatinous body 1
a: Bend Time, Temporal Distortion, Slouch, Renounce Religion, Evoke Flight


You were on level 6 of the Dungeon.
You worshipped Cheibriados.
Cheibriados was greatly pleased with you.
You were hungry.

You visited 1 branch of the dungeon, and saw 6 of its levels.
You also visited: Sewer.

You collected 206 gold pieces.

Inventory:

Hand Weapons
 a - a +0 blowgun
 b - a +2 dagger (weapon)
Missiles
 c - 17 poisoned needles
 q - 5 needles of confusion
 t - 2 needles of sleeping
Jewellery
 g - a ring of flight (left tentacle)
 m - an uncursed ring of fire
 s - a ring of protection from cold (right tentacle)
 v - a +6 amulet of reflection (around mantle)
Wands
 w - a wand of disintegration (14)
Scrolls
 h - a scroll of enchant armour
 i - a scroll of magic mapping {unknown}
 j - a scroll of noise
 o - 3 scrolls of amnesia {unknown}
 p - 3 scrolls of teleportation
 r - a scroll of immolation
 u - 3 scrolls of remove curse
 x - a scroll of brand weapon {unknown}
Potions
 l - 3 potions of might
Comestibles
 f - 11 rations


   Skills:
 - Level 2.0 Fighting
 + Level 6.1 Short Blades
 - Level 3.1 Throwing
 - Level 1.0 Dodging
 * Level 12.5 Stealth
 * Level 5.0 Invocations


You had 8 spell levels left.
You didn't know any spells.
Your spell library contained the following spells:

 Spells                   Type           Power        Failure   Level  Hunger
 Corona                   Hex            #......      19%         1    ##.....


Dungeon Overview and Level Annotations

Branches:
Dungeon (6/15)
 Temple: D:4-7

Altars:
Cheibriados
Gozag
Hepliaklqana
Qazlal
Sif Muna
Trog
Uskayaw
Wu Jian
Xom
The Shining One

Shops:
D:4 [

Annotations:
D:2 exclusion: downstairs
D:3 3 runed doors, galech's ghost, amateur DsFi
D:6 1 transporter, TBriggs11TB's ghost, novice HuBe


Innate Abilities, Weirdness & Mutations

You cannot wear most types of armour.
You are very stealthy in the water. (Stealth+)
You are amphibious.
You can wear up to eight rings at the same time.
You can use your tentacles to constrict eight enemies at once.
Your skin changes colour to match your surroundings (Stealth+).
Your rubbery body absorbs attacks. (AC +1, EV +1)


Message History

You hit something. Your squeeze misses something. You closely miss something.
You squeeze something! You block something's attack.
You miss something. Something barely misses you. Something hits you.
Something shocks you. Something hits you. Something shocks you.
* * * LOW HITPOINT WARNING * * *
Something hits you.
* * * LOW HITPOINT WARNING * * *
Something shocks you.
* * * LOW HITPOINT WARNING * * *
You hit something. You squeeze something.
A sky beast appears from thin air!
Reactivating autopickup.
The sky beast barely misses you.
You barely miss the sky beast.
The sky beast is severely wounded.
The sky beast hits you.
* * * LOW HITPOINT WARNING * * *
The sky beast shocks you.
You die...

..####..# #.........##PP.
...##...#### #.
##..##...<##JJ.
...........#... #..
###..##÷.P ...............
#.. #..##..÷
...###......... . ...##...
..####......... ..###!÷÷
.####.......... ...#
####...........#######...#
..#.............@Y.......#
.....##....................
##..###...........##.......
##..##...........####...##
#..###...........###...#
##..##............#....#
##.....................#
#........##............#
.....###...###...........


You could see a sky beast.

Vanquished Creatures
  Grinder (D:5)
  Sigmund (D:5)
  A sky beast (D:5)
  An ogre (D:6)
  5 big kobolds
  2 bullfrogs (D:6)
  A scorpion (D:4)
  A crimson imp (D:3)
  3 hounds (D:5)
  A jelly (D:6)
  An orc priest (D:4)
  5 orc wizards
  3 worker ants
  3 gnolls (D:2)
  13 adders
  3 river rats
  8 oozes
  8 worms
  3 dart slugs
  4 leopard geckos (D:5)
  10 orcs
  7 bats
  4 giant cockroaches
  8 hobgoblins
  14 jackals
  16 kobolds
  2 quokkas (D:4)
  5 ball pythons
  9 frilled lizards
  15 goblins
  A leopard gecko skeleton (D:6)
  A quokka zombie (D:5)
  5 rats
165 creatures vanquished.

Vanquished Creatures (others)
  13 fungi
  A plant (D:3)
  6 toadstools (D:6)
20 creatures vanquished.

Grand Total: 185 creatures vanquished

Notes
Turn   | Place    | Note
-------+----------+-------------------------------------------
     0 | D:1      | grindst0ne the Octopode Assassin began the quest for the
                  | Orb.
     0 | D:1      | Reached XP level 1. HP: 14/14 MP: 1/1
   163 | D:1      | Reached XP level 2. HP: 19/19 MP: 2/2
   358 | D:1      | Found a snail-covered altar of Cheibriados.
   454 | D:1      | Became a worshipper of Cheibriados the Contemplative
   555 | D:1      | Reached skill level 6 in Stealth
   767 | D:2      | Reached XP level 3. HP: 14/24 MP: 3/3
  1283 | D:2      | Reached * piety under Cheibriados
  1460 | D:2      | Reached XP level 4. HP: 29/29 MP: 4/4
  1693 | D:2      | Reached skill level 7 in Stealth
  1930 | D:3      | Found a runed gate.
  1975 | D:3      | Noticed a big kobold
  1976 | D:3      | Found a runed gate.
  1976 | D:3      | Found a runed gate.
  1976 | D:3      | Noticed galech's ghost (amateur DsFi)
  2242 | D:3      | Found a stormy altar of Qazlal.
  2256 | D:3      | Reached XP level 5. HP: 34/34 MP: 5/5
  2267 | D:3      | Found a bloodstained altar of Trog.
  2283 | D:3      | Reached ** piety under Cheibriados
  2441 | D:3      | Found a hide-covered altar of Uskayaw.
  2956 | D:3      | Reached skill level 8 in Stealth
  2968 | D:3      | Found a glowing golden altar of the Shining One.
  3013 | D:3      | Found a bloodstained altar of Trog.
  3161 | D:4      | Reached XP level 6. HP: 39/39 MP: 6/6
  3173 | D:4      | Found a shimmering altar of Xom.
  3174 | D:4      | Found an ornate altar of the Wu Jian Council.
  3825 | D:4      | Reached *** piety under Cheibriados
  4116 | D:4      | Reached skill level 9 in Stealth
  4451 | D:4      | Found Yhuopu's Antique Armour Shoppe.
  4457 | D:5      | Entered Level 5 of the Dungeon
  4514 | D:5      | Found an opulent altar of Gozag.
  4561 | D:5      | Reached XP level 7. HP: 16/45 MP: 7/7
  4772 | D:5      | Reached skill level 10 in Stealth
  4854 | D:5      | Found a glowing drain.
  4861 | Sewer    | Entered a sewer
  5001 | Sewer    | Reached skill level 5 in Short Blades
  5048 | Sewer    | Reached **** piety under Cheibriados
  5253 | Sewer    | Reached XP level 8. HP: 50/50 MP: 8/8
  5513 | Sewer    | Reached skill level 11 in Stealth
  5513 | Sewer    | Reached skill level 1 in Invocations
  5792 | D:5      | Noticed Sigmund
  5798 | D:5      | Killed Sigmund
  6092 | D:5      | Noticed Grinder
  6122 | D:5      | Killed Grinder
  6478 | D:5      | Found a hazy altar of Hepliaklqana.
  6628 | D:6      | Reached skill level 12 in Stealth
  6765 | D:6      | Noticed a vampire
  6770 | D:6      | Found a deep blue altar of Sif Muna.
  6998 | D:6      | Identified Sif Muna's Reference Book on Bewitchment
  7008 | D:6      | Noticed TBriggs11TB's ghost (novice HuBe)
  7173 | D:6      | Found a snail-covered altar of Cheibriados.
  7392 | D:6      | Reached XP level 9. HP: 54/54 MP: 12/12
  7484 | D:6      | Reached skill level 5 in Invocations
  7511 | D:6      | HP: 1/54 [slime creature (11)]
  7517 | D:6      | HP: 2/54 [slime creature (1)]
  7549 | D:6      | Found a transporter.
  7879 | D:6      | Slain by a sky beast

Vault maps used:
D:1:      ebering_trefoil_3fold, cheibriados_altar_1
D:2:      cheibrodos_greedy_goblins
D:3:      marbit_many_paths, grunt_temple_overflow_open, first_ration,
          gammafunk_ghost_nasty_kobolds, trog_book
D:4:      nicolae_overflow_hidden_temple, serial_shops, shop
D:5:      lemuel_doored_altar, gup_sewer_entry_bubbles, basic_altar,
          uniq_grinder, uniq_sigmund
D:6:      cheibrodos_fertilizer, old_standard_altar, gammafunk_ghost_mausoleum,
          led_sif_book
Sewer:    sewer_co_tree

Skill      XL: |  1  2  3  4  5  6  7  8  9 |
---------------+----------------------------+-----
Stealth        | 6 7 8 9 10 12 | 12.5
Short Blades   | 3 4 5 6 |  6.1
Throwing       | 3 |  3.1
Invocations    | 4 5 |  5.0
Fighting       | |  2.0
Dodging        | |  1.0

Action                   |  1- 3 |  4- 6 |  7- 9 || total
-------------------------+-------+-------+-------++-------
Melee: Dagger            |    65 |   149 |   126 ||   340
       Tentacles         |     5 |    37 |    45 ||    87
       Constrict         |    12 |    40 |    26 ||    78
 Fire: Blowgun           |    14 |    22 |    38 ||    74
Invok: Bend Time         |       |       |     1 ||     1
       Slouch            |       |       |     1 ||     1
       Temporal Distorti |       |       |     1 ||     1
  Use: Scroll            |     2 |     5 |     4 ||    11
       Potion            |       |     1 |     4 ||     5
 Stab: Sleeping          |    15 |    12 |    25 ||    52
       Distracted        |       |     2 |     2 ||     4
  Eat: Chunk             |     2 |     4 |     5 ||    11
Armor: Skin              |     9 |     5 |     5 ||    19
Dodge: Dodged            |    26 |    97 |    58 ||   181
Block: Other             |       |       |    25 ||    25

Table legend:
 A = Non-vault XP
 B = Vault XP
 C = Vault XP percentage of total XP
 D = Non-vault monster count
 E = Vault monster count
 F = Vault count percentage of total count
                 A         B        C        D         E       F
            +---------+---------+-------+---------+---------+-------
      Total |    1298 |    1266 |  49.4 |     113 |      52 |  31.5
            +---------+---------+-------+---------+---------+-------
        D:1 |      31 |       0 |   0.0 |      21 |       0 |   0.0
        D:2 |     105 |      14 |  11.8 |      21 |       7 |  25.0
        D:3 |     154 |      13 |   7.8 |      32 |       1 |   3.0
        D:4 |     250 |       0 |   0.0 |      18 |       0 |   0.0
        D:5 |     409 |     497 |  54.9 |      15 |       8 |  34.8
        D:6 |     349 |     274 |  44.0 |       6 |       8 |  57.1
      Sewer |       0 |     468 | 100.0 |       0 |      28 | 100.0
            +---------+---------+-------+---------+---------+-------
